 Dungeon Crawl Stone Soup version 0.22-a0-284-g99d1f74 (webtiles) character file.

8734 Azzok the Fighter (level 11, -8/110 (111) HPs)
             Began as a Minotaur Fighter on Mar 20, 2018.
             Was a Priest of Okawaru.
             Mangled by Snorg (9 damage)
             ... on level 10 of the Dungeon.
             The game lasted 00:20:24 (11471 turns).

Azzok the Fighter (Minotaur Fighter)               Turns: 11471, Time: 00:20:25

HP:   -8/110 (111)  AC: 14    Str: 26    XL:     11   Next: 13%
MP:   11/12         EV:  4    Int: 11    God:    Okawaru [***...]
Gold: 397           SH: 10    Dex: 13    Spells: 10/10 levels left

rFire    . . .     SeeInvis .   F - +7 short sword of Luziuts {freeze, Int+3 Dex+3}
rCold    . . .     Gourm    .   c - +0 shield
rNeg     . . .     Faith    .   x - +0 plate armour
rPois    .         Spirit   .   (helmet restricted)
rElec    .         Reflect  .   D - +0 cloak
rCorr    .         Harm     .   k - +0 pair of gloves
MR       .....                  h - +0 pair of boots
Stlth    ..........             (no amulet)
HPRegen  0.28/turn              (no ring)
MPRegen  0.13/turn              (no ring)

@: mighty, drained
A: retaliatory headbutt, horns 2
a: Heroism, Renounce Religion


You were on level 10 of the Dungeon.
You worshipped Okawaru.
Okawaru was most pleased with you.
You were hungry.

You visited 2 branches of the dungeon, and saw 11 of its levels.

You collected 397 gold pieces.

Inventory:

Hand Weapons
 w - a +0 shortbow
 y - a +1 spear of venom
 F - the +7 short sword of Luziuts (weapon) {freeze, Int+3 Dex+3}
   (You found it on level 9 of the Dungeon)

   It has been specially enchanted to freeze those struck by it, causing extra
   injury to most foes and up to half again as much damage against particularly
   susceptible opponents.
   It can also slow down cold-blooded creatures.
   It affects your intelligence (+3).
   It affects your dexterity (+3).
Missiles
 r - 157 arrows
Armour
 c - a +0 shield (worn)
 h - a +0 pair of boots (worn)
 k - a +0 pair of gloves (worn)
 x - a +0 plate armour (worn)
 D - a +0 cloak (worn)
Jewellery
 I - an uncursed ring of fire
Wands
 z - a wand of digging (11)
 K - a wand of acid (8)
Scrolls
 a - a scroll of brand weapon {unknown}
 b - a scroll of random uselessness {unknown}
 g - a scroll of immolation {unknown}
 i - 7 scrolls of teleportation {unknown}
 j - 9 scrolls of identify
 n - 2 scrolls of amnesia {unknown}
 o - 2 scrolls of enchant armour {unknown}
 p - 4 scrolls of magic mapping {unknown}
 q - 6 scrolls of remove curse {unknown}
 u - a scroll of blinking {unknown}
 A - a scroll of enchant weapon {unknown}
 H - a scroll of fog {unknown}
 J - a scroll of noise {unknown}
Potions
 d - 2 potions of might
 e - 2 potions of brilliance {unknown}
 l - 2 potions of degeneration {unknown}
 m - 2 potions of curing {unknown}
 s - 3 potions of heal wounds {unknown}
 t - a potion of flight {unknown}
 v - a potion of lignification {unknown}
 B - a potion of cancellation {unknown}
 C - a potion of experience {unknown}
 E - a potion of haste {unknown}
Comestibles
 f - 9 rations
 G - a chunk of flesh


   Skills:
 - Level 14.4(13.5) Fighting
   Level 2.4(1.7) Long Blades
 + Level 12.2(11.3) Bows
 - Level 3.6(2.9) Armour
 - Level 3.6(2.9) Shields
 + Level 3.9(3.2) Invocations


You had 10 spell levels left.
You didn't know any spells.

Dungeon Overview and Level Annotations

Branches:
Dungeon (10/15)            Temple (1/1) D:5            Lair (0/6) D:10
    Orc: D:9-12

Altars:
Ashenzari
Cheibriados
Dithmenos
Elyvilon
Fedhas
Gozag
Hepliaklqana
Kikubaaqudgha
Makhleb
Nemelex Xobeh
Okawaru
Qazlal
Ru
Sif Muna
Trog
Uskayaw
Vehumet
Wu Jian
Xom
Yredelemnul
Zin
The Shining One

Shops:
D:7 [

Annotations:
D:10 1 transporter, Snorg


Innate Abilities, Weirdness & Mutations

You reflexively headbutt those who attack you in melee.
You have a pair of horns on your head.


Message History

You block Snorg's attack.
You hit Snorg. You freeze Snorg. Your headbutt misses Snorg.
Snorg is severely wounded.
You block Snorg's attack. Snorg claws you but does no damage. x2
The orc barely misses you. You furiously retaliate!
You headbutt the orc.
You feel very mighty all of a sudden.
You feel like a meek peon again.
You are feeling hungry.
Snorg bites you!!
* * * LOW HITPOINT WARNING * * *
Snorg claws you but does no damage. Snorg claws you!
* * * LOW HITPOINT WARNING * * *
You block the orc's attack.
You closely miss Snorg. Your headbutt misses Snorg.
Snorg is severely wounded.
Snorg bites you!
* * * LOW HITPOINT WARNING * * *
Snorg claws you.
* * * LOW HITPOINT WARNING * * *
You block Snorg's attack. Snorg bites you!
You die...

▒···▒·····(·(÷·
▒▒▒▒▒····)(···▒
▒·····(···▒
▒▒▒▒▒▒▒▒▒▒▒▒·(···[···▒
▒·········▒▒▒▒··(▒▒▒▒▒
▒·········▒ ▒▒··▒▒▒▒·
▒·········▒ ▒▒·······
▒·····T···▒ ▒········ ▒@▒
▒▒·▒······ ▒o▒
▒▒▒▒········· ▒▒▒▒▒▒▒ ▒o▒
▒·▒··▒······· ······· ▒·▒
▒·▒·▒··▒·····
·······▒▒·▒▒▒▒············
········▒··············▒▒▒
········▒·▒▒▒▒······▒▒····
▒·········▒▒·······▒▒▒·▒▒▒
▒··················▒▒)·▒▒▒


You could see Snorg (berserk) and 2 orcs.

Vanquished Creatures
  3 two-headed ogres
  The ghost of Azzok the Fighter, a novice GrFi (D:6)
  A centaur zombie (D:10)
  A troll (D:10)
  A hippogriff (D:8)
  A wyvern (D:9)
  Eustachio (D:5)
  6 yaks (D:10)
  2 water moccasins
  3 orc warriors
  A sky beast (D:6)
  An ice beast (D:7)
  A necrophage (D:10)
  3 ogres
  2 phantoms
  The ghost of medis the Skirmisher, an amateur DsAK of Lugonu (D:3)
  3 centaurs
  A big kobold (D:7)
  A bullfrog (D:4)
  Blork the orc (D:5)
  A gnoll sergeant (D:7)
  A scorpion (D:4)
  8 killer bees
  5 wights (D:10)
  4 howler monkeys
  5 crimson imps
  3 orc priests
  A bullfrog zombie (D:8)
  2 jellies
  4 hounds
  5 orc wizards
  Jessica (D:2)
  5 bullfrog skeletons
  2 centaur skeletons
  3 iguanas
  6 worker ants
  A hound skeleton (D:5)
  A howler monkey zombie (D:4)
  A worker ant zombie (D:8)
  12 adders
  50 gnolls
  2 shadow imps (D:6)
  An ooze (D:4)
  An adder skeleton (D:4)
  3 worms
  4 dart slugs
  3 leopard geckos
  34 orcs
  2 ball pythons
  4 bats
  5 giant cockroaches
  9 goblins
  8 hobgoblins
  23 jackals
  6 quokkas
  6 frilled lizards
  A jackal skeleton (D:4)
  14 kobolds
  A leopard gecko skeleton (D:4)
  2 quokka skeletons
  2 quokka zombies
  10 rats
297 creatures vanquished.

Notes
Turn   | Place    | Note
-------+----------+-------------------------------------------
     0 | D:1      | Azzok the Minotaur Fighter began the quest for the Orb.
     0 | D:1      | Reached XP level 1. HP: 19/19 MP: 0/0
     8 | D:1      | Reached skill level 4 in Fighting
    74 | D:1      | Reached XP level 2. HP: 28/28 MP: 1/1
   325 | D:1      | Reached skill level 5 in Fighting
   531 | D:1      | Reached XP level 3. HP: 36/36 MP: 2/2
   899 | D:2      | Reached skill level 6 in Fighting
   899 | D:2      | Reached XP level 4. HP: 37/44 MP: 3/3
  1242 | D:2      | Noticed Jessica
  1249 | D:2      | Killed Jessica
  1650 | D:3      | Reached XP level 5. HP: 48/51 MP: 4/4
  1657 | D:3      | Reached skill level 7 in Fighting
  1665 | D:3      | Noticed medis's ghost (amateur DsAK)
  1695 | D:3      | Killed medis's ghost
  1854 | D:3      | Reached skill level 8 in Fighting
  1869 | D:3      | Reached XP level 6. HP: 44/61 MP: 5/5
  2187 | D:3      | Found a glowing drain.
  2686 | D:4      | Reached skill level 9 in Fighting
  3223 | D:4      | Reached XP level 7. HP: 70/70 MP: 6/6
  3333 | D:4      | Reached skill level 10 in Fighting
  3586 | D:5      | Entered Level 5 of the Dungeon
  3820 | D:5      | Found a staircase to the Ecumenical Temple.
  3958 | Temple   | Entered the Ecumenical Temple
  4365 | D:5      | Noticed Eustachio
  4376 | D:5      | Killed Eustachio
  4376 | D:5      | Reached skill level 11 in Fighting
  4540 | D:5      | Noticed Blork the orc
  4546 | D:5      | Reached XP level 8. HP: 82/82 MP: 7/7
  4551 | D:5      | Killed Blork the orc
  4724 | D:5      | Reached skill level 12 in Fighting
  5129 | D:5      | Reached skill level 13 in Fighting
  5659 | D:6      | Noticed Azzok's ghost (novice GrFi)
  5682 | D:6      | Killed Azzok's ghost
  5682 | D:6      | Reached skill level 14 in Fighting
  5682 | D:6      | Reached XP level 9. HP: 50/95 MP: 8/8
  6305 | D:6      | Got a fine platinum ring
  6306 | D:6      | Identified the cursed ring of the Princeling {EV-6 Str+4} (You found it on level 6 of the Dungeon)
  6466 | D:6      | Reached skill level 1 in Bows
  6689 | D:7      | Found an iron altar of Okawaru.
  6695 | D:7      | Became a worshipper of Warmaster Okawaru
  6714 | D:7      | Identified Utha's Grimoire of the Toxic Traveller
  7267 | D:7      | Reached skill level 5 in Bows
  7297 | D:7      | Reached * piety under Okawaru
  7480 | D:7      | Found Notrom's Armour Emporium.
  7811 | D:8      | Found a stormy altar of Qazlal.
  8056 | D:8      | Noticed a two-headed ogre
  8081 | D:8      | Killed a two-headed ogre
  8081 | D:8      | Reached XP level 10. HP: 28/104 MP: 9/9
  8713 | D:8      | Noticed a two-headed ogre
  8736 | D:7      | Killed a two-headed ogre
  8736 | D:7      | Reached skill level 10 in Bows
  9329 | D:9      | Got a translucent short sword
  9334 | D:9      | Reached ** piety under Okawaru
  9338 | D:9      | Identified the +7 short sword of Luziuts {freeze, Int+3 Dex+3} (You found it on level 9 of the Dungeon)
  9674 | D:9      | Noticed a two-headed ogre
  9684 | D:9      | Killed a two-headed ogre
 10509 | D:10     | Entered Level 10 of the Dungeon
 10517 | D:10     | Reached skill level 1 in Invocations
 10651 | D:10     | Reached *** piety under Okawaru
 10657 | D:10     | Received a gift from Okawaru
 10669 | D:10     | Reached XP level 11. HP: 57/111 MP: 10/12
 11196 | D:10     | Found a transporter.
 11433 | D:10     | Found a staircase to the Lair.
 11434 | D:10     | Noticed a two-headed ogre
 11455 | D:10     | Noticed Snorg
 11471 | D:10     | HP: 2/110 [Snorg (12)]
 11471 | D:10     | Mangled by Snorg

Vault maps used:
D:1:      dpeg_arrival_stonehenge_8_columns
D:2:      uniq_jessica
D:3:      portal_sewer_entry_d
D:4:      serial_corexii_hall, corexii_hall_statues_l, corexii_hall_statues_s
D:5:      lemuel_castle_with_subvaults, minmay_temple_entry_grid, first_ration,
          uniq_blork_the_orc, uniq_eustachio
D:7:      okawaru_metal_pillars_1_2, serial_shops, shop
D:8:      basic_altar
D:10:     gammafunk_beogh_shrine, lair_entry_dummy, orc_david_3, uniq_psyche,
          uniq_snorg
Temple:   compressed_dpeg_triangle_lava_temple

Skill      XL: |  1  2  3  4  5  6  7  8  9 10 11 |
---------------+----------------------------------+-----
Fighting       | 4 5 6 8 9 11 14 | 14.4
Bows           | 8 11 12 | 12.2
Invocations    | 2 3 |  3.9
Long Blades    | |  2.4
Armour         | |  3.6
Shields        | |  3.6

Action                   |  1- 3 |  4- 6 |  7- 9 | 10-12 || total
-------------------------+-------+-------+-------+-------++-------
Melee: Long sword        |    82 |   184 |    88 |       ||   354
       Headbutt          |    14 |    31 |    95 |    59 ||   199
       Trident           |       |       |   163 |       ||   163
       Spear             |       |       |   255 |    75 ||   330
       Short sword       |       |       |       |   173 ||   173
Invok: Heroism           |       |       |       |     1 ||     1
  Use: Potion            |       |       |     1 |     1 ||     2
       Scroll            |       |       |     1 |     2 ||     3
  Eat: Chunk             |       |     8 |    16 |    11 ||    35
Armor: Scale mail        |    35 |   104 |    66 |       ||   205
       Plate armour      |       |       |   187 |   147 ||   334
Dodge: Dodged            |    29 |    57 |    95 |    36 ||   217
Block: Shield            |    32 |    93 |   239 |   126 ||   490
       Rpst.: Long sword |     5 |    20 |     8 |       ||    33

Table legend:
 A = Spawn XP
 B = Non-spawn XP
 C = Spawn XP percentage of total XP
 D = Spawn monster count
 E = Non-spawn monster count
 F = Spawn count percentage of total count
 G = Total turns spent on level
                    A         B        C        D         E        F      G
               +---------+---------+-------+---------+---------+-------+---------
         Total |       0 |   12478 |   0.0 |       0 |     297 |   0.0 | 11471
               +---------+---------+-------+---------+---------+-------+---------
           D:1 |       0 |      44 |   0.0 |       0 |      25 |   0.0 |   689
           D:2 |       0 |     142 |   0.0 |       0 |      32 |   0.0 |   924
           D:3 |       0 |     239 |   0.0 |       0 |      25 |   0.0 |   662
           D:4 |       0 |     531 |   0.0 |       0 |      32 |   0.0 |  1311
           D:5 |       0 |    1350 |   0.0 |       0 |      69 |   0.0 |  1602
           D:6 |       0 |    1258 |   0.0 |       0 |      14 |   0.0 |  1110
           D:7 |       0 |    2180 |   0.0 |       0 |      35 |   0.0 |  1570
           D:8 |       0 |    1887 |   0.0 |       0 |      19 |   0.0 |  1123
           D:9 |       0 |    2076 |   0.0 |       0 |      23 |   0.0 |  1622
          D:10 |       0 |    2771 |   0.0 |       0 |      23 |   0.0 |   588
               +---------+---------+-------+---------+---------+-------+---------
